 Dungeon Crawl Stone Soup version 0.29.1-2-gbd0b4ee654 (webtiles) character file.

Game seed: 12945226104689869869

1029 zeram the Covert (level 8, 0/50 HPs)
             Began as an Octopode Brigand on Nov 6, 2022.
             Killed from afar by a steam dragon (21 damage)
             ... with a ball of steam
             ... on level 6 of the Dungeon.
             The game lasted 00:08:42 (4884 turns).

zeram the Covert (Octopode Brigand)                 Turns: 4884, Time: 00:08:42

Health: 0/50       AC:  1    Str: 10    XL:     8   Next: 23%
Magic:  11/11      EV: 29    Int: 16    God:
Gold:   235        SH:  0    Dex: 13    Spells: 4/11 levels left

rFire   . . .      SeeInvis +   a - +3 dagger
rCold   . . .      Faith    .   (no shield)
rNeg    . . .      Spirit   .   (helmet restricted)
rPois   .          Reflect  .   g - amulet of the acrobat
rElec   .          Harm     .   o - ring of see invisible
rCorr   .          Rampage  .   (no ring)
Will    .....                   (no ring)
Stlth   ++++++....              (no ring)
HPRegen 0.16/turn               (no ring)
MPRegen 0.12/turn               (no ring)
                                (no ring)
                                (no ring)

@: acrobatic
A: almost no armour, amphibious, 8 rings, camouflage 1, gelatinous body 1,
(nimble swimmer 1), tentacles
a: no special abilities


You were on level 6 of the Dungeon.
You visited 1 branch of the dungeon, and saw 6 of its levels.

You collected 235 gold pieces.

Inventory:

Hand Weapons
 a - a +3 dagger (weapon)
 e - a +2 whip of pain
Missiles
 b - 19 poisoned darts (quivered)
 c - 3 curare-tipped darts
Jewellery
 g - an amulet of the acrobat (around mantle)
 o - a ring of see invisible (left tentacle)
Scrolls
 f - a scroll of magic mapping
 h - 2 scrolls of amnesia
 i - 2 scrolls of noise
 j - a scroll of vulnerability
 q - a scroll of identify
 u - a scroll of teleportation
Potions
 d - a potion of attraction
 k - 2 potions of might
 l - a potion of berserk rage
 m - a potion of flight
 n - 2 potions of degeneration
 p - a potion of mutation {unknown}
 s - a potion of curing
 t - a potion of heal wounds


   Skills:
 - Level 2.0 Fighting
 + Level 4.4 Short Blades
 - Level 2.0 Throwing
 + Level 3.2 Dodging
 + Level 10.9 Stealth
 * Level 2.1 Spellcasting
 * Level 2.3 Summonings


You had 4 spell levels left.
You knew the following spells:

 Your Spells              Type           Power      Damage    Failure   Level
a - Summon Hydra          Summ           4%         N/A       100%        7

Your spell library contained the following spells:

 Spells                   Type           Power      Damage    Failure   Level
 Sublimation of Blood     Necr           1%         N/A       30%         2
 Wereblood                Tmut           1%         N/A       30%         2
 Dazzling Flash           Conj/Hex       2%         N/A       52%         3
 Agony                    Necr           1%         N/A       99%         5
 Silence                  Hex/Air        0%         N/A       99%         5


Dungeon Overview and Level Annotations

Branches:
Dungeon (6/15)             Temple (0/1) D:5

Altars:
Dithmenos
Trog
Wu Jian
Yredelemnul

Shops:
D:4 (   D:5 (

Annotations:
D:4 Dowan, Duvessa
D:6 1 runed translucent door, Crazy Yiuf


Innate Abilities, Weirdness & Mutations

You cannot wear most types of armour.
You are amphibious.
You can wear up to eight rings at the same time.
Your skin changes colour to match your surroundings (Stealth+).
Your rubbery body absorbs attacks. (AC +1, EV +1)
((You are camouflaged when in or above water. (Stealth+)))
You have tentacles for arms and can constrict up to eight enemies at once.


Message History

You squeeze the hound, but do no damage.
The hound is severely wounded.
You constrict the hound. The hound bites you. The hound closely misses you.
You hit the hound. You squeeze the hound.
The hound is almost dead.
You constrict the hound. The hound bites you but does no damage.
You hit the hound.
You kill the hound!
The steam dragon breathes steam at you. The ball of steam misses you.
No reachable target in view!
No reachable target in view!
No reachable target in view!
Unknown command.
You hit the steam dragon.
You squeeze the steam dragon, but do no damage.
The steam dragon is lightly wounded.
The steam dragon closely misses you. The steam dragon barely misses you.
You completely miss the steam dragon. You squeeze the steam dragon.
The steam dragon is moderately wounded.
You hit the steam dragon but do no damage.
Your squeeze misses the steam dragon.
The steam dragon is moderately wounded.
The steam dragon completely misses you. The steam dragon misses you.
You hit the steam dragon.
The steam dragon is moderately wounded.
The steam dragon breathes steam at you. The ball of steam hits you!
You barely miss the steam dragon. You squeeze the steam dragon.
The steam dragon is moderately wounded.
You are engulfed in a cloud of scalding steam.
The steam dragon bites you! The steam dragon closely misses you.
You hit the steam dragon but do no damage.
Your squeeze misses the steam dragon.
The steam dragon is moderately wounded.
You are engulfed in a cloud of scalding steam.
Unknown command.
The steam dragon breathes steam at you. The ball of steam hits you!!
You die...

### .#!D.. .............
#.. .......... #..
......... ##..##........
#......#....#
##.#..##.<.# # ..
##.....#....#.#...#
.###.........D@.....#
...?.........§......#
#.......###.#.....##
#####..## #†#.....#
#...#...........
#######...#.#......#...
##.#..+..###.###....##..
..#...........###.##....
####.......#.## .. ....


You could see a steam dragon (catching breath).

Vanquished Creatures
  Sigmund (D:3)
  A black bear (D:5)
  2 ogres
  A necrophage (D:6)
  2 scorpions
  A jelly (D:5)
  3 hounds
  Natasha (D:4)
  3 iguanas (D:5)
  An orc wizard (D:5)
  7 adders
  An ufetubus (D:5)
  A worm (D:2)
  A dart slug (D:1)
  11 orcs
  6 bats
  5 endoplasms
  A giant cockroach (D:2)
  5 goblins
  10 hobgoblins
  7 jackals
  5 quokkas
  6 ball pythons
  4 frilled lizards
  5 kobolds
  8 rats
  A spectral hobgoblin (D:1)
100 creatures vanquished.

Vanquished Creatures (others)
  A plant (D:3)
1 creature vanquished.

Grand Total: 101 creatures vanquished

Notes
Turn   | Place    | Note
-------+----------+-------------------------------------------
     0 | D:1      | zeram the Octopode Brigand began the quest for the Orb.
     0 | D:1      | Reached XP level 1. HP: 14/14 MP: 1/1
    86 | D:1      | Found a faded altar of an unknown god.
   157 | D:1      | Reached XP level 2. HP: 19/19 MP: 2/2
   162 | D:1      | Reached skill level 6 in Stealth
   410 | D:1      | Reached XP level 3. HP: 13/24 MP: 3/3
  1248 | D:2      | Reached skill level 7 in Stealth
  1256 | D:2      | HP: 1/24 [jackal (2)]
  1266 | D:2      | Reached XP level 4. HP: 4/29 MP: 4/4
  2016 | D:3      | Noticed Sigmund
  2284 | D:3      | Reached skill level 8 in Stealth
  2407 | D:3      | Killed Sigmund
  2408 | D:3      | Reached skill level 9 in Stealth
  2408 | D:3      | Reached XP level 5. HP: 34/34 MP: 5/5
  2408 | D:3      | Reached XP level 6. HP: 39/39 MP: 6/6
  2454 | D:3      | Found an ornate altar of the Wu Jian Council.
  2626 | D:3      | Found a shadowy altar of Dithmenos.
  2912 | D:4      | Noticed Natasha
  2919 | D:4      | Killed Natasha
  3046 | D:4      | Found Xuruedur's Weapon Shop.
  3109 | D:4      | Found a bloodstained altar of Trog.
  3110 | D:4      | Found a basalt altar of Yredelemnul.
  3122 | D:4      | Noticed Dowan
  3130 | D:4      | Noticed Duvessa
  3580 | D:4      | Reached skill level 1 in Summonings
  3580 | D:4      | Reached XP level 7. HP: 45/45 MP: 6/8
  3630 | D:5      | Entered Level 5 of the Dungeon
  3687 | D:5      | Reached skill level 1 in Spellcasting
  3789 | D:5      | Reached skill level 10 in Stealth
  4200 | D:5      | Found a staircase to the Ecumenical Temple.
  4535 | D:5      | Reached XP level 8. HP: 50/50 MP: 10/10
  4543 | D:5      | Learned a level 7 spell: Summon Hydra
  4563 | D:5      | Found Juump's Weapon Boutique.
  4846 | D:6      | Found a runed translucent door.
  4847 | D:6      | Noticed Crazy Yiuf
  4884 | D:6      | Killed from afar by a steam dragon

Illustrated notes

Levels and vault maps discovered:
D:1:      ncdulo_wetmaze, layout_rooms,
          dreamdust_ecumenical_altar_drowned_temple, dk_noncrumbling_2
D:2:      layout_rooms, dreamdust_mushroom_princess, kennysheep_generic_room_4
D:3:      layout_rooms, nicolae_wu_jian_immortal_techniques,
          mainiacjoe_overflow_paths, serial_bayou_lagoon_b, uniq_sigmund
D:4:      layout_loops_corners, nicolae_overflow_squiral, serial_shops,
          nicolae_shop_window_shopping, uniq_natasha, uniq_duvessa
D:5:      layout_loops_corners, temple_pool_b, serial_shops,
          nicolae_shop_bloodbath_and_beyond
D:6:      layout_cave_pools, grunt_gozag_statues, ebering_ghost_rock_garden,
          uniq_crazy_yiuf_cottage

Skill      XL: |  1  2  3  4  5  6  7  8 |
---------------+-------------------------+-----
Stealth        | 6 7 9 10 | 10.9
Short Blades   | 3 4 |  4.4
Dodging        | 2 3 |  3.2
Summonings     | 1 2 |  2.3
Spellcasting   | 1 2 |  2.1
Fighting       | |  2.0
Throwing       | |  2.0

Action                   |  1- 3 |  4- 6 |  7- 9 || total
-------------------------+-------+-------+-------++-------
Melee: Dagger            |    63 |    78 |    59 ||   200
       Constrict         |    11 |    18 |     9 ||    38
       Tentacles         |     8 |    16 |    23 ||    47
       Punch             |     1 |       |     2 ||     3
  Use: Scroll            |     7 |     5 |     7 ||    19
       Potion            |     3 |       |       ||     3
 Stab: Sleeping          |    18 |    15 |    10 ||    43
       Distracted        |       |     1 |       ||     1
Armor: Skin              |     4 |     1 |     3 ||     8
Dodge: Dodged            |    38 |    46 |    37 ||   121
